 Dungeon Crawl Stone Soup version 0.23-a0-644-gb60d84b (webtiles) character file.

269 Borgoz the Sneak (level 6, -5/42 HPs)
             Began as a Halfling Assassin on Jan 2, 2019.
             Slain by an ogre
             ... wielding a +0 giant club
              (21 damage)
             ... on level 4 of the Dungeon.
             The game lasted 00:08:56 (3805 turns).

Borgoz the Sneak (Halfling Assassin)                Turns: 3805, Time: 00:08:56

Health: -5/42      AC:  6    Str: 14    XL:     6   Next: 46%
Magic:  6/6        EV: 14    Int:  9    God:
Gold:   48         SH:  0    Dex: 16    Spells: 5/5 levels left

rFire    . . .     SeeInvis .   b - +1 blowgun
rCold    + . .     Gourm    .   (shield restricted)
rNeg     + . .     Faith    .   j - +2 leather armour {rC+}
rPois    +         Spirit   .   (no helmet)
rElec    .         Reflect  .   d - +0 cloak
rCorr    .         Harm     .   (no gloves)
MR       .....                  (no boots)
Stlth    +++.......             (no amulet)
HPRegen  0.14/turn              n - ring of poison resistance
MPRegen  0.10/turn              r - ring of positive energy

@: hasted, very quick
A: small, mutation resistance 1
a: no special abilities


You were on level 4 of the Dungeon.
You were hungry.

You visited 1 branch of the dungeon, and saw 4 of its levels.

You collected 48 gold pieces.

Inventory:

Hand Weapons
 a - a +2 dagger
 b - a +1 blowgun (weapon)
Missiles
 p - a curare-tipped needle
 q - 17 poisoned needles (quivered)
Armour
 c - a +0 robe
 d - a +0 cloak (worn)
 j - a +2 leather armour of cold resistance (worn)
 o - a +0 scale mail of poison resistance
Jewellery
 n - a ring of poison resistance (left hand)
 r - a ring of positive energy (right hand)
Scrolls
 f - a scroll of enchant weapon
 m - 2 scrolls of remove curse
 s - a scroll of magic mapping {unknown}
 u - a scroll of teleportation
 v - a scroll of fear
Potions
 e - 5 potions of heal wounds
 h - 2 potions of might
 k - a potion of brilliance
 l - a potion of mutation
 t - a potion of curing {unknown}
Comestibles
 g - 2 rations


   Skills:
 * Level 3.3 Fighting
 + Level 4.2 Short Blades
 - Level 2.0 Throwing
 + Level 2.1 Dodging
 + Level 6.3 Stealth


You had 5 spell levels left.
You didn't know any spells.
Your spell library contained the following spells:

 Spells                   Type           Power        Failure   Level  Hunger
 Magic Dart               Conj           #...         45%         1    ##.....
 Blink                    Tloc           N/A          61%         2    ###....
 Call Imp                 Summ           #.......     61%         2    ###....
 Slow                     Hex            #.......     61%         2    ###....
 Conjure Flame            Conj/Fire      #.......     83%         3    ####...
 Mephitic Cloud           Conj/Pois/Air  #.......     83%         3    ####...


Dungeon Overview and Level Annotations

Branches:
Dungeon (4/15)
 Temple: D:4-7

Altars:
Fedhas


Innate Abilities, Weirdness & Mutations

You are small and have problems with some larger weapons.
You are somewhat resistant to further mutation.


Message History

Press: ? - help, Shift-Dir - straight line, f/p - ogre
Aim: an ogre, wielding a +0 giant club (severely wounded, poisoned)
You shoot a poisoned needle.
The poisoned needle closely misses the ogre.
The ogre barely misses you.
An iguana comes into view.
The ogre looks more healthy.
You see here a poisoned needle.
q - 17 poisoned needles (gained 1) Firing (i - inventory. (/) - cycle)
q - 17 poisoned needles (quivered)
Press: ? - help, Shift-Dir - straight line, f/p - ogre
Aim: an ogre, wielding a +0 giant club (almost dead)
You shoot a poisoned needle. The poisoned needle hits the ogre.
The ogre is poisoned.
The ogre is almost dead.
You see here a poisoned needle.
q - 17 poisoned needles (gained 1)
The ogre hits you with a +0 giant club!!
Ouch! That really hurt!
You die...

#.#.# # .. #.#.###.##. # ...
#.......... . ...
##....#####..# #.#
#.....######.######.#
#.(...(..........##.#
####................##.#####
..........##O...............#
####......##@....[...##.###.#
.....#.................# #.#
###.##.#.##.........#### #.#
#. #.#.##.........# #.# #.
#.#.##........<# #.#
#........).....# #.#
###.############ #.# #.# #.#
#. #.#


You could see an ogre.

Vanquished Creatures
  An ogre (D:3)
  Terence (D:1)
  4 adders
  3 gnolls (D:2)
  4 oozes
  3 worms
  3 leopard geckos
  6 bats
  3 giant cockroaches
  6 goblins
  9 hobgoblins
  5 jackals
  A quokka (D:2)
  7 frilled lizards
  9 kobolds
  6 rats
  A fungus (D:2)
72 creatures vanquished.

Notes
Turn   | Place    | Note
-------+----------+-------------------------------------------
     0 | D:1      | Borgoz the Halfling Assassin began the quest for the Orb.
     0 | D:1      | Reached XP level 1. HP: 14/14 MP: 1/1
    36 | D:1      | Reached XP level 2. HP: 19/19 MP: 2/2
   408 | D:1      | Reached skill level 5 in Stealth
   408 | D:1      | Reached XP level 3. HP: 22/24 MP: 3/3
   714 | D:2      | Noticed Terence
  1360 | D:2      | Reached XP level 4. HP: 30/30 MP: 4/4
  1375 | D:2      | You fall through a shaft!
  1376 | D:3      | Noticed an ogre
  1388 | D:3      | Killed an ogre
  1388 | D:3      | Reached skill level 6 in Stealth
  1388 | D:3      | Reached XP level 5. HP: 17/36 MP: 5/5
  1694 | D:2      | Found a blossoming altar of Fedhas.
  2024 | D:2      | Reached XP level 6. HP: 30/42 MP: 6/6
  2760 | D:1      | Killed Terence
  3751 | D:4      | Noticed an ogre
  3805 | D:4      | Slain by an ogre

Vault maps used:
D:1:      erik_arrival_gehennom, serial_forest,
          infiniplex_forest_clump_diagonal, infiniplex_forest_fountain,
          infiniplex_forest_straight_4, infiniplex_forest_end_3,
          infiniplex_forest_clump_large
D:2:      fedhas_altar_3, uniq_terence
D:3:      minmay_cupped
D:4:      minmay_temple_entry_butterflies, gammafunk_ghost_icy

Skill      XL: |  1  2  3  4  5  6 |
---------------+-------------------+-----
Fighting       | 2 3 |  3.3
Stealth        | 5 6 |  6.3
Short Blades   | 3 4 |  4.2
Dodging        | 2 |  2.1
Throwing       | |  2.0

Action                   |  1- 3 |  4- 6 || total
-------------------------+-------+-------++-------
Melee: Dagger            |   173 |   202 ||   375
 Fire: Blowgun           |    10 |    14 ||    24
  Use: Scroll            |     1 |    11 ||    12
       Potion            |     1 |     1 ||     2
 Stab: Sleeping          |     9 |    10 ||    19
  Eat: Chunk             |     1 |     4 ||     5
       Ration            |       |     1 ||     1
Armor: Robe              |     6 |     6 ||    12
       Leather armour    |       |     8 ||     8
Dodge: Dodged            |    69 |   105 ||   174

Table legend:
 A = Non-vault XP
 B = Vault XP
 C = Vault XP percentage of total XP
 D = Non-vault monster count
 E = Vault monster count
 F = Vault count percentage of total count
                 A         B        C        D         E       F
            +---------+---------+-------+---------+---------+-------
      Total |     325 |      60 |  15.6 |      61 |      10 |  14.1
            +---------+---------+-------+---------+---------+-------
        D:1 |      29 |      51 |  63.8 |      18 |       6 |  25.0
        D:2 |     107 |       0 |   0.0 |      31 |       0 |   0.0
        D:3 |     186 |       9 |   4.6 |      11 |       4 |  26.7
        D:4 |       3 |       0 |   0.0 |       1 |       0 |   0.0
            +---------+---------+-------+---------+---------+-------
